Map: World of Sleepers LE

Players

pHARM - Winner!

  • Race: Zerg Zerg
  • League: Platinum
  • Spawn Location: 7:00

Ambiguity

  • Race: Terran Terran
  • League: Platinum
  • Spawn Location: 1:00

VOD

Have the link to the VOD?

Description

Time

  • Played on: Aug. 24, 2019, 9:14 p.m.
  • Length: 20:59
Show
View Real Time Build Order
Export as new Build Order

pHARM Zerg - Winner!

Build Orders: Hatch First 

Get SALT Encoding   

  12  0:02  Drone  
  13  0:12  Drone  
  14  0:19  Overlord  
  14  0:24  Drone, Extractor  
  15  0:37  Drone x2  
  17  0:58  Hatchery  
  17  1:02  Drone  
  18  1:04  Drone  
  18  1:11  Drone  
  19  1:21  Spawning Pool  
  18  1:29  Drone  
  19  1:43  Drone x2  
  21  1:47  Extractor  
  20  1:55  Drone  
  20  2:01  Overlord  
  21  2:10  Queen x2  
  25  2:22  Drone x2  
  27  2:31  Drone  
  27  2:32  Drone x2  
  30  2:43  Drone  
  30  2:44  Drone x2  
  33  2:51  Queen, Lair  
  35  3:01  Drone  
  36  3:24  Overlord x5  
  36  3:26  Metabolic Boost  
  36  3:42  Drone  
  36  3:43  Drone x6, Extractor x2  
  41  4:00  Evolution Chamber  
  41  4:02  Roach Warren  
  39  4:10  Drone x6  
  39  4:13  Baneling Nest  
  44  4:36  Drone x2  
  44  4:38  Zergling x12  
  51  4:43  Drone  
  53  4:50  Zerg Melee Weapons Level 1  
  53  5:01  Centrifical Hooks, Hatchery  
  52  5:33  Drone x2  
  52  5:35  Hydralisk Den  
  53  6:05  Zergling x2  
  53  6:06  Zergling x28  
  68  6:12  Grooved Spines  
  68  6:16  Drone  
  68  6:17  Hatchery  
  68  6:22  Overlord x2  
  68  6:23  Overlord  
  68  6:48  Drone x5  
  68  6:49  Drone x6  
  79  6:56  Zerg Melee Weapons Level 2  
  79  7:03  Evolution Chamber, Baneling x11  
  79  7:04  Baneling x21  
  79  7:08  Drone x2  
  80  7:38  Extractor  
  80  7:40  Muscular Augments  
  79  7:47  Zergling x8  
  79  7:48  Zergling x26  
  79  7:49  Overlord x2  
  96  7:54  Spore Crawler  
  96  7:55  Spine Crawler  
  96  7:57  Overseer x2  
  94  8:01  Hydralisk  
  94  8:03  Overlord x3  
  96  8:06  Drone, Extractor  
  96  8:07  Extractor, Drone x5  
  100  8:16  Pneumatized Carapace  
  99  8:31  Drone  
  99  8:32  Drone x13  
  91  9:26  Zergling x14  
  91  9:27  Zergling x10  
  103  9:32  Zerg Ground Armor Level 1  
  103  9:56  Hatchery  
  103  9:59  Hydralisk  
  102  10:00  Hydralisk x11  
  102  10:02  Overlord x5  
  126  10:10  Hatchery  
  126  10:12  Zerg Missile Weapons Level 1  
  125  10:21  Infestation Pit  
  124  10:25  Overseer x3  
  124  10:26  Hydralisk x4  
  124  10:27  Hydralisk x8  
  148  11:00  Hive  
  148  11:03  Zergling x10  
  148  11:04  Zergling x20  
  163  11:19  Overlord x4  
  129  11:53  Hydralisk x19  
  163  11:54  Zergling x2  
  163  11:55  Zergling x8  
  163  11:56  Baneling  
  163  11:57  Baneling x22  
  163  11:58  Baneling  
  172  12:01  Overlord x3  
  172  12:02  Overlord  
  147  12:41  Zergling x4  
  147  12:42  Zergling x56  
  146  12:57  Zergling x14  
  146  12:58  Zergling x4  
  155  13:00  Adrenal Glands  
  155  13:11  Baneling x12  
  155  13:12  Baneling x11  
  155  13:17  Zergling x26  
  155  13:18  Zergling x2  
  168  13:28  Zerg Melee Weapons Level 3, Zerg Ground Armor Level 2  
  132  14:13  Hydralisk x13  
  132  14:14  Hydralisk x3  
  132  14:15  Zergling x22  
  175  14:25  Drone x5  
  175  14:26  Spine Crawler, Drone x4  
  175  14:28  Spine Crawler  
  175  14:30  Spine Crawler  
  181  14:31  Spine Crawler  
  181  14:37  Extractor  
  179  14:39  Baneling x16  
  179  14:40  Extractor, Baneling x5  
  94  15:37  Zergling x2  
  94  15:38  Zergling x54  
  118  15:50  Zergling x12  
  106  16:17  Ultralisk Cavern  
  105  16:22  Hydralisk  
  105  16:23  Hydralisk x19  
  145  16:53  Zerg Missile Weapons Level 2, Zerg Ground Armor Level 3  
  145  17:01  Hatchery  
  144  17:07  Ultralisk x4  
  168  17:36  Chitinous Plating  
  168  18:01  Zergling x8  
  168  18:02  Overlord x8  
  172  18:36  Baneling x8  
  172  18:37  Baneling x21  
  172  18:38  Zergling x16  
  172  18:39  Spore Crawler, Zergling x34, Spine Crawler  
  172  18:40  Spine Crawler  
  194  18:55  Anabolic Synthesis  
  154  19:40  Zergling x10  
  154  19:41  Zergling x44  
  178  20:44  Unknown  
Show
View Real Time Build Order
Export as new Build Order

Ambiguity Terran 

Build Orders:  

Get SALT Encoding   

  12  0:01  SCV  
  13  0:13  SCV  
  14  0:17  Supply Depot  
  14  0:25  SCV  
  15  0:40  Barracks  
  15  0:42  SCV  
  16  0:45  Refinery  
  16  0:54  SCV  
  17  1:06  SCV  
  18  1:18  SCV  
  19  1:29  Marine, Supply Depot  
  20  1:33  Orbital Command  
  20  1:50  Barracks Reactor  
  20  1:58  Command Center  
  20  2:01  SCV  
  21  2:14  Barracks  
  21  2:15  SCV  
  22  2:27  Marine x2, SCV  
  25  2:33  Factory  
  25  2:38  Refinery  
  25  2:40  SCV  
  26  2:49  Marine x2  
  28  2:53  SCV  
  29  3:02  Barracks Tech Lab  
  29  3:05  SCV  
  31  3:16  Orbital Command  
  31  3:17  SCV  
  31  3:19  Factory Tech Lab  
  30  3:21  Starport  
  30  3:23  Marine  
  31  3:29  SCV  
  31  3:30  Stimpack  
  32  3:41  Marine x2  
  32  3:42  Marauder  
  32  3:44  SCV x2  
  38  3:56  SCV  
  38  3:57  Supply Depot  
  38  3:58  Starport Reactor, Engineering Bay  
  38  3:59  SCV  
  40  4:04  Marine  
  41  4:10  SCV  
  41  4:13  Supply Depot  
  41  4:15  SCV  
  43  4:23  SCV  
  44  4:24  Marine x2  
  44  4:25  Marauder  
  44  4:27  SCV  
  49  4:35  SCV  
  49  4:36  Command Center  
  50  4:40  SCV  
  51  4:50  SCV  
  51  4:52  Terran Infantry Weapons Level 1  
  52  4:53  SCV  
  52  4:58  Barracks, Widow Mine  
  55  5:02  SCV  
  55  5:05  SCV, Refinery  
  57  5:08  Marine x2, Refinery  
  57  5:10  Combat Shield  
  59  5:14  SCV  
  59  5:16  Medivac  
  59  5:21  Supply Depot  
  62  5:37  Supply Depot  
  62  5:42  SCV x2  
  64  5:46  Armory  
  64  5:49  Barracks Reactor  
  64  5:50  Marine x2  
  64  5:51  Marauder  
  64  5:52  Barracks  
  64  5:54  SCV  
  67  6:08  Marine  
  67  6:10  Supply Depot  
  68  6:11  Medivac x2, Supply Depot  
  68  6:14  Marine x2  
  74  6:22  Siege Tank  
  74  6:23  SCV  
  74  6:25  Engineering Bay  
  78  6:27  Planetary Fortress  
  78  6:29  SCV  
  79  6:35  SCV  
  79  6:38  Terran Vehicle Weapons Level 1  
  80  6:40  Barracks Tech Lab  
  80  6:42  SCV  
  81  6:47  Marine x2  
  81  6:48  Marine x3  
  81  6:50  SCV  
  81  6:53  Liberator  
  87  6:55  SCV  
  88  7:02  SCV  
  88  7:05  Marine x2, SCV  
  88  7:07  SCV  
  93  7:12  Factory, Factory Reactor  
  93  7:15  SCV  
  97  7:17  SCV  
  97  7:19  Refinery  
  97  7:21  Refinery  
  98  7:26  Marine  
  98  7:27  Marine  
  98  7:28  Marine x2  
  98  7:29  Marauder x2  
  106  7:34  Supply Depot  
  106  7:36  Supply Depot  
  106  7:38  Terran Infantry Armor Level 1, Supply Depot x2  
  106  7:41  Terran Infantry Weapons Level 2  
  106  7:50  Marauder  
  108  7:52  Marine  
  108  7:56  Marine x2  
  111  8:04  Factory Tech Lab  
  115  8:05  Widow Mine  
  115  8:06  Widow Mine  
  115  8:07  SCV  
  115  8:08  SCV  
  115  8:11  Marine x2  
  115  8:12  Marauder x2  
  123  8:15  Marine  
  123  8:16  Marine  
  125  8:25  Barracks  
  125  8:26  Barracks  
  121  8:31  Widow Mine  
  121  8:32  Widow Mine x2  
  121  8:33  Marauder  
  129  8:38  SCV  
  130  8:53  Widow Mine  
  124  8:56  Marine x2  
  126  9:03  Command Center  
  126  9:20  Supply Depot  
  126  9:21  Supply Depot  
  126  9:39  Command Center  
  126  9:41  Marine x5, Marauder  
  133  9:48  SCV  
  133  9:49  Starport  
  133  9:50  Terran Infantry Armor Level 2  
  133  9:52  Terran Vehicle And Ship Armor Level 1  
  134  9:56  Siege Tank  
  134  9:59  Marine x3, Marauder  
  142  10:10  Supply Depot  
  142  10:14  Marine x2, SCV x2  
  142  10:18  Planetary Fortress  
  146  10:26  Marine x3  
  146  10:27  Marine  
  150  10:28  Barracks Tech Lab x2  
  150  10:31  Supply Depot  
  150  10:32  Marine  
  151  10:35  Marine  
  152  10:44  Marine x2  
  152  10:48  Marine  
  152  10:49  Marine, Marauder  
  158  10:51  SCV  
  158  10:52  SCV  
  158  10:55  Planetary Fortress  
  160  11:01  Unknown  
  160  11:02  Marine x2  
  160  11:03  Marauder x2  
  166  11:05  Terran Infantry Weapons Level 3  
  166  11:06  Marine x3  
  166  11:08  Siege Tank  
  166  11:10  Marine  
  173  11:20  Marine x2  
  173  11:24  Marine x4  
  173  11:25  Marauder  
  178  11:41  Marine x2  
  178  11:42  Marine, Marauder  
  183  11:47  Marine  
  183  11:50  Marine  
  183  11:51  Marine  
  183  11:52  Marine  
  187  11:59  Marine  
  188  12:08  Marine  
  188  12:09  Marine  
  188  12:10  Marauder  
  188  12:11  Marauder  
  188  12:14  Marine  
  188  12:19  Marine, Supply Depot  
  188  12:20  Marine, Supply Depot  
  188  12:21  Marine  
  188  12:31  Marine x3  
  188  12:32  Marine  
  176  12:37  Marine x2  
  176  12:38  Marauder  
  176  12:43  Marine  
  135  12:49  Marine  
  135  12:50  Siege Tank, Widow Mine  
  135  12:51  Widow Mine  
  131  12:53  Starport Tech Lab  
  131  12:56  Terran Infantry Armor Level 3  
  131  12:57  Fusion Core  
  128  13:01  SCV  
  128  13:02  SCV  
  127  13:10  Marine x2  
  127  13:11  Marine x3  
  127  13:12  Marauder x2  
  135  13:14  Liberator x2  
  135  13:15  Liberator  
  135  13:16  Marine  
  124  13:28  Marine x2, SCV  
  124  13:30  Marauder  
  136  13:35  SCV  
  136  13:36  SCV x2  
  139  13:43  Terran Vehicle Weapons Level 2  
  135  13:51  Marine x2  
  135  13:52  Marine x4, Marauder  
  135  13:53  Marine  
  122  14:07  Command Center  
  122  14:08  Command Center  
  122  14:09  Marine  
  123  14:11  Marauder  
  123  14:14  Marine x2  
  123  14:15  Marauder x2  
  131  14:20  Medivac x2  
  135  14:40  Armory  
  135  14:43  Siege Tank x2  
  141  14:45  Marine  
  141  14:46  Marine, Marauder  
  141  14:48  Medivac  
  147  14:54  Marine x3  
  147  14:59  SCV x2  
  143  15:19  Marine x3, Marauder  
  143  15:20  Marine  
  117  15:22  Marine x2  
  117  15:24  Marine  
  52  15:36  Marine x2  
  52  15:37  Marine  
  52  15:38  Marine  
  52  15:40  Marauder  
  52  15:42  Marine x2  
  53  15:43  Marine  
  53  15:48  Command Center  
  56  15:54  Marine  
  57  16:00  Marine  
  57  16:01  Marine x5, Marauder  
  63  16:19  Marauder  
  65  16:27  Marine  
  65  16:28  Marine  
  67  16:42  Siege Tank x2  
  73  16:47  Marine  
  73  16:48  Marine x2, Marauder  
  73  16:50  Liberator  
  78  16:58  Marauder  
  80  17:07  Orbital Command  
  75  17:32  Orbital Command  
  75  17:45  Liberator  
  75  17:47  SCV  
  75  17:49  Supply Depot  
  76  17:51  Supply Depot  
  76  17:58  Advanced Ballistics  
  79  18:06  SCV x2  
  81  18:19  Liberator x2  
  76  18:42  Orbital Command  
  76  18:54  Thor  
  82  19:09  SCV  
  83  19:10  SCV  
  83  19:13  Orbital Command  
  84  19:19  Unknown  
  84  19:21  SCV  
  84  19:22  SCV  
  40  19:38  Marine x2  
  40  19:39  Marine, Marauder  
Tags
 
Add a new tag
Caveats
  • Supply blocks, unpowered buildings, or Contaminate may cause inaccurate times.
  • Supply counts are checked every 10 seconds.